Map: Efflorescence LE

Players

qqq

  • Race: Zerg Zerg
  • League: Platinum
  • Spawn Location: 9:00

Massa

  • Race: Terran Terran
  • League: Platinum
  • Spawn Location: 6:00

RICH - Winner!

  • Race: Zerg Zerg
  • League: Diamond
  • Spawn Location: 3:00

Combain - Winner!

  • Race: Protoss Protoss
  • League: Diamond
  • Spawn Location: 12:00

VOD

Have the link to the VOD?

Description

Time

  • Played on: Jan. 9, 2021, 5:50 a.m.
  • Length: 8:00
Show
View Real Time Build Order
Export as new Build Order

qqq Zerg 

Build Orders: Hatch First 

Get SALT Encoding   

  12  0:00  Drone  
  13  0:13  Drone  
  14  0:18  Overlord  
  14  0:47  Hatchery  
  13  0:57  Drone x2  
  13  0:59  Drone  
  16  1:10  Drone  
  17  1:21  Spawning Pool  
  16  1:27  Drone  
  16  1:28  Extractor  
  16  1:44  Drone x2  
  18  1:57  Overlord  
  18  2:08  Queen  
  18  2:09  Zergling x2  
  18  2:12  Spine Crawler  
  20  2:19  Zergling x4  
  10  2:51  Drone  
  10  3:15  Spine Crawler  
  7  3:38  Drone  
  8  3:48  Drone  
  9  4:00  Drone  
  10  4:09  Drone  
  11  4:26  Drone  
  11  4:27  Drone  
  13  4:34  Drone  
  14  4:40  Drone  
  15  5:09  Zergling x6  
  15  5:14  Drone x3  
  17  5:25  Drone x2  
  17  5:43  Drone  
  17  5:48  Drone  
  19  5:51  Drone  
  12  6:28  Spine Crawler  
  12  6:29  Spine Crawler  
  12  6:50  Spine Crawler  
  12  6:51  Spine Crawler  
  12  6:53  Spine Crawler  
Show
View Real Time Build Order
Export as new Build Order

Massa Terran 

Build Orders:  

Get SALT Encoding   

  12  0:00  SCV  
  13  0:12  SCV  
  14  0:19  Supply Depot  
  14  0:24  SCV  
  15  0:40  SCV  
  16  0:43  Barracks  
  16  0:52  SCV  
  17  0:59  Refinery  
  17  1:03  Supply Depot  
  17  1:04  SCV  
  18  1:17  SCV, Barracks  
  19  1:29  SCV  
  20  1:33  Barracks  
  20  1:37  Marine  
  21  1:42  SCV  
  22  1:54  Orbital Command  
  22  1:57  Barracks Tech Lab  
  22  2:06  Marine  
  23  2:15  Supply Depot  
  23  2:17  Marauder  
  23  2:21  Marine  
  26  2:24  Marine  
  27  2:38  Marauder, Marine  
  27  2:41  Marine  
  31  2:48  Supply Depot  
  30  2:56  Marine  
  31  2:59  Marauder, Marine  
  34  3:08  Stimpack  
  34  3:12  Bunker  
  34  3:17  Marine  
  35  3:21  Marauder  
  37  3:30  Marine  
  38  3:34  Marine  
  39  3:42  Marauder  
  39  3:48  Marine  
  42  3:52  Supply Depot  
  42  3:58  Marine  
  43  4:04  Marauder  
  43  4:05  Marine  
  46  4:14  Supply Depot  
  46  4:16  Marine  
  47  4:17  Factory  
  47  4:25  Marauder  
  49  4:55  Marauder, Marine x2  
  49  5:06  SCV  
  48  5:13  Marine  
  49  5:15  Hellion  
  49  5:17  Marauder  
  49  5:18  SCV  
  54  5:33  Concussive Shells  
  54  5:37  Hellion  
  54  5:38  Marauder  
  54  5:42  SCV  
  59  5:48  Marine x2  
  57  5:59  Marauder  
  59  6:06  Marine x2  
  59  6:28  Marauder, Marine x2  
  41  6:45  Marine x2  
  43  6:49  Marauder  
  38  7:03  Marine x2  
  34  7:11  Marauder  
  28  7:17  Factory Reactor  
  28  7:18  Factory Reactor  
  28  7:20  Factory Tech Lab  
  28  7:21  SCV, Marine x2  
  31  7:25  Starport  
  31  7:32  Marauder  
  33  7:39  Marine x2  
Show
View Real Time Build Order
Export as new Build Order

RICH Zerg - Winner!

Build Orders: Pool First 

Get SALT Encoding   

  12  0:19  Spawning Pool  
  11  0:23  Drone  
  12  0:30  Drone  
  12  0:33  Drone  
  14  0:41  Overlord  
  14  1:06  Queen  
  14  1:07  Zergling x6  
  19  1:19  Zergling x2  
  19  1:25  Extractor  
  19  1:29  Zergling x2  
  20  1:34  Roach Warren  
  19  1:40  Drone  
  20  1:50  Overlord  
  17  2:33  Zergling x2  
  17  2:34  Zergling x8  
  22  2:49  Zergling x2  
  21  2:56  Drone  
  22  3:07  Drone  
  22  3:08  Hatchery  
  22  3:17  Roach  
  23  3:28  Drone x3  
  23  3:33  Metabolic Boost  
  26  3:36  Drone  
  27  3:45  Drone  
  28  3:54  Lair  
  28  3:57  Extractor  
  27  4:06  Baneling Nest  
  26  4:10  Overlord  
  26  4:21  Drone, Overlord  
  27  4:33  Drone x2  
  27  4:34  Drone  
  30  4:43  Drone x2  
  32  4:56  Centrifical Hooks  
  32  4:58  Drone  
  33  5:02  Baneling  
  33  5:07  Drone  
  33  5:08  Drone  
  35  5:14  Drone x2  
  37  5:23  Evolution Chamber  
  36  5:36  Drone x4  
  36  5:37  Drone x2  
  36  5:39  Baneling x3  
  36  5:40  Baneling  
  42  5:45  Drone  
  42  5:49  Extractor  
  42  5:50  Baneling x3  
  42  5:51  Baneling x3  
  42  6:03  Overlord x2  
  42  6:04  Drone  
  41  6:36  Zergling x2  
  41  6:37  Zergling x12  
  43  6:41  Zergling x2  
  44  6:48  Zergling x2  
  45  6:54  Zergling x2  
  46  7:06  Zergling x2  
  46  7:07  Baneling  
  46  7:08  Baneling x13  
  47  7:11  Queen  
  47  7:15  Extractor  
  48  7:16  Baneling  
  48  7:17  Baneling x5  
  48  7:29  Drone  
  49  7:30  Drone x4  
  49  7:31  Drone  
  49  7:33  Hatchery  
  53  7:39  Drone  
  53  7:40  Drone  
  53  7:43  Drone x2  
  57  7:45  Baneling x2  
Show
View Real Time Build Order
Export as new Build Order

Combain Protoss - Winner!

Build Orders: Mass Adepts 

Get SALT Encoding   

  12  0:00  Probe  
  13  0:12  Probe  
  14  0:20  Pylon  
  14  0:24  Probe (Chrono Boost)  
  15  0:39  Probe (Chrono Boost)  
  15  0:40  Gateway  
  16  0:46  Probe (Chrono Boost)  
  16  0:47  Assimilator  
  17  0:53  Probe  
  18  1:00  Assimilator  
  18  1:05  Probe  
  18  1:11  Gateway  
  19  1:18  Probe (Chrono Boost)  
  20  1:28  Cybernetics Core  
  20  1:30  Probe (Chrono Boost)  
  21  1:34  Pylon  
  21  1:36  Probe (Chrono Boost)  
  22  1:45  Probe  
  23  2:06  Twilight Council  
  23  2:08  Adept x2  
  27  2:09  Warp Gate  
  27  2:19  Pylon  
  27  2:37  Resonating Glaives (Chrono Boost)  
  27  2:38  Adept x2  
  31  2:47  Gateway  
  31  3:01  Pylon  
  31  3:08  Adept x2  
  30  3:47  Gateway  
  30  4:00  Adept x3  
  36  4:08  Gateway  
  36  4:14  Pylon  
  34  4:34  Adept x3  
  34  5:07  Adept x3  
  34  5:08  Adept  
  34  5:28  Adept  
  34  5:29  Adept x4  
  40  5:50  Nexus  
  36  6:12  Adept x2  
  36  6:13  Adept x2  
  35  6:51  Sentry  
  32  7:11  Probe (Chrono Boost)  
  33  7:43  Adept x3  
Tags
 
Add a new tag
Caveats
  • Supply blocks, unpowered buildings, or Contaminate may cause inaccurate times.
  • Supply counts are checked every 10 seconds.